 Dungeon Sprint DCSS version 0.29.1-14-g9c671dbff4 (webtiles) character file.

Game seed: 18290542523468553058

243 Ast3rio the Fighter (level 6, 0/62 HPs)
             Began as a Hill Orc Fighter on Feb 15, 2023.
             Slain by a boulder beetle (13 damage)
             ... in the Dungeon (Sprint II: "The Violet Keep of Menkaure").
             The game lasted 00:01:11 (281 turns).

Ast3rio the Fighter (Hill Orc Fighter)               Turns: 281, Time: 00:01:11

Health: 0/62       AC:  7    Str: 21    XL:     6   Next: 9%
Magic:  6/6        EV:  9    Int:  8    God:
Gold:   243        SH:  5    Dex: 10    Spells: 5/5 levels left

rFire   . . .      SeeInvis .   a - +0 war axe
rCold   . . .      Faith    .   c - +0 buckler
rNeg    . . .      Spirit   .   b - +0 scale mail
rPois   .          Reflect  .   (no helmet)
rElec   .          Harm     .   (no cloak)
rCorr   .          Rampage  .   (no gloves)
Will    .....      NoTele   +   (no boots)
Stlth   ..........              (no amulet)
HPRegen 0.20/turn               (no ring)
MPRegen 0.10/turn               (no ring)

@: no status effects
A: no striking features
a: no special abilities


You were in the Dungeon.
You visited 1 branch You collected 243 gold pieces.

Inventory:

Hand Weapons
 a - a +0 war axe (weapon)
Armour
 b - a +0 scale mail (worn)
 c - a +0 buckler (worn)
Scrolls
 j - a scroll of blinking
Potions
 d - a potion of might
 e - a potion of curing
 f - a potion of heal wounds
 g - a potion of haste
 h - 2 potions of magic


   Skills:
 + Level 8.8 Fighting
 + Level 7.3 Axes
 + Level 7.1 Armour
 + Level 0.8 Dodging
 + Level 7.6 Shields


You had 5 spell levels left.
You didn't know any spells.
Your spell library was empty.

Dungeon Overview and Level Annotations

Branches:
Dungeon (1/1)

Altars:


Message History

You barely miss the necrophage. The necrophage hits you.
* * * LOW HITPOINT WARNING * * *
Your life force feels restored.
Your Fighting skill increases to level 8!
Your Axes skill increases to level 6!
Your Armour skill increases to level 6!
Your Shields skill increases to level 7!
You slash the necrophage!
The necrophage is severely damaged.
The necrophage hits you but does no damage.
You slash the necrophage!
You destroy the necrophage!
Your Axes skill increases to level 7!
Your Armour skill increases to level 7!
You have reached level 6!
You start resting.
You recover from your berserk rage.
You start resting.
HP restored.
You start waiting.
The walls and floor vibrate strangely for a moment.
There is a staircase leading out of the dungeon, spattered with blood here.
You see here a necrophage skeleton.
There is an open door here.
You now have 243 gold pieces.
There is an open door here.
You see here a necrophage skeleton.
You open the door. 2 boulder beetles come into view.
Found 243 gold pieces.
The boulder beetle bites you! You block the boulder beetle's attack.
There is an open door here.
You hit the boulder beetle but do no damage. x2
The boulder beetle bites you but does no damage.
The boulder beetle leaps!
The boulder beetle bites you!!
You hit the boulder beetle but do no damage. x2
The boulder beetle bites you. The boulder beetle bites you!
You hit the boulder beetle but do no damage. x2
The boulder beetle bites you.
* * * LOW HITPOINT WARNING * * *
The boulder beetle bites you!
You die...

## ## ##$
.## #..
..#
####B#B#
##.###@#
#...##.##
+##.'รท<.+
#...##.##
##.###+#
##


You could see 2 boulder beetles.

Vanquished Creatures
  4 necrophages (D)
4 creatures vanquished.

Vanquished Creatures (others)
  Menkaure (D)
1 creature vanquished.

Grand Total: 5 creatures vanquished

Notes
Turn   | Place    | Note
-------+----------+-------------------------------------------
     0 | D        | Ast3rio the Hill Orc Fighter began the quest for the Orb.
     0 | D        | Reached XP level 1. HP: 19/19 MP: 1/1
     1 | D        | Noticed a necrophage
     1 | D        | Noticed a necrophage
     1 | D        | Noticed a necrophage
     1 | D        | Noticed a necrophage
    11 | D        | Killed a necrophage
    12 | D        | Reached skill level 6 in Fighting
    12 | D        | Reached skill level 5 in Armour
    12 | D        | Reached skill level 5 in Shields
    12 | D        | Reached XP level 2. HP: 30/30 MP: 2/2
    12 | D        | Reached XP level 3. HP: 37/37 MP: 3/3
    12 | D        | Reached XP level 4. HP: 44/44 MP: 4/4
    23 | D        | Killed a necrophage
    24 | D        | Reached skill level 7 in Fighting
    24 | D        | Reached skill level 5 in Axes
    24 | D        | Reached XP level 5. HP: 27/52 MP: 5/5
    30 | D        | Reached skill level 8 in Fighting
    32 | D        | Reached XP level 6. HP: 18/62 MP: 6/6
   153 | D        | Killed Menkaure
   277 | D        | Noticed a boulder beetle
   277 | D        | Noticed a boulder beetle
   281 | D        | Slain by a boulder beetle

Illustrated notes

Levels and vault maps discovered:
D:        the_violet_keep_of_menkaure [sprint2_stairs_cluster_1,
          sprint2_shoproom, sprint2_temple, sprint2_basic_supplies,
          sprint2_obstacle_1, sprint2_obstacle_5, sprint2_obstacle_4,
          sprint2_obstacle_2, sprint2_obstacle_6, sprint2_timed_cluster_1,
          sprint2_smallroom_cluster_1, sprint2_smallroom_final_cluster_1,
          sprint2_transparent_cluster_1, sprint2_second_timed_cluster_1,
          sprint2_sniper_area_1, sprint2_heavy_combat_area_1,
          sprint2_mutation_trap_area_1, sprint2_forest_area_1,
          sprint2_light_combat_area_1, sprint2_behind_water_1,
          sprint2_near_end_vault_1]

Skill      XL: |  1  2  3  4  5 |
---------------+----------------+-----
Fighting       | 6 7 8 |  8.8
Axes           | 4 5 7 |  7.3
Armour         | 5 7 |  7.1
Shields        | 5 6 7 |  7.6
Dodging        | |  0.8

Action                   |  1- 3 |  4- 6 || total
-------------------------+-------+-------++-------
Melee: War axe           |     9 |    21 ||    30
  Use: Potion            |     1 |       ||     1
Armor: Scale mail        |     2 |    11 ||    13
Dodge: Dodged            |     3 |     8 ||    11
Block: Buckler           |     1 |     6 ||     7
